 Dungeon Crawl Stone Soup version 0.31-a0-819-gf6de2f5ab6 (webtiles) character file.

Game seed: 1151021174227222455

65 qw the Shooter (level 4, 0/28 HPs)
             Began as a Gargoyle Hunter on Sept 23, 2023.
             Killed from afar by Sigmund (10 damage)
             ... with a puff of flame
             ... on level 2 of the Dungeon.
             The game lasted 00:00:33 (1391 turns).

qw the Shooter (Gargoyle Hunter)                    Turns: 1391, Time: 00:00:34

Health: 0/28       AC:  6    Str: 15    XL:     4   Next: 14%
Magic:  4/4        EV: 11    Int:  9    God:
Gold:   68         SH:  0    Dex: 15    Spells: 3/3 levels left

rFire   . . .        a - +0 shortbow
rCold   . . .        (shield currently unavailable)
rNeg    + . .        c - +0 leather armour
rPois   inf          (no helmet)
rElec   +            (no cloak)
rCorr   .            (no gloves)
SInv    .            (no boots)
Will    .....        (no amulet)
Stlth   ++           (no ring)
HPRegen 0.24/turn    (no ring)
MPRegen 0.09/turn

%: no passive effects
@: no status effects
A: sickness immunity, AC +3, negative energy resistance 1, electricity
resistance, torment resistance 1, petrification resistance
a: no special abilities


You were on level 2 of the Dungeon.
You visited 1 branch of the dungeon, and saw 2 of its levels.

You collected 96 gold pieces.
You spent 28 gold pieces at shops.


Innate Abilities, Weirdness & Mutations

You are immune to sickness and miasma.
Your stone body is resilient. (AC +3)
You are immune to poison.
You resist negative energy. (rN+)
You are resistant to electric shocks. (rElec)
You are resistant to unholy torment.
You are immune to petrification.


   Skills:
 - Level 3.2 Fighting
 + Level 5.1 Ranged Weapons
 - Level 1.5 Dodging
 - Level 1.1 Stealth


You had 3 spell levels left.
You didn't know any spells.
Your spell library was empty.

Inventory:

Hand Weapons
 a - a +0 shortbow (weapon)
Armour
 c - a +0 leather armour (worn)
 h - a +0 ring mail
Scrolls
 b - a scroll of torment {unknown}
 e - 3 scrolls of identify
 g - a scroll of enchant armour {unknown}
Potions
 d - a potion of degeneration {unknown}
 f - a potion of curing {unknown}
 i - a potion of brilliance {unknown}
 j - a potion of haste {unknown}

Dungeon Overview and Level Annotations

Branches:
Dungeon (2/15)

Altars:

Shops:
D:1 ?

Annotations:
D:2 Sigmund


Message History

You shoot an arrow. The arrow hits the kobold!
You kill the kobold!
Found a hand axe.
Found a robe.
Found an escape hatch in the ceiling.
Found 4 stones.
You see here a +0 hand axe.
A goblin comes into view. It is wielding a +0 club.
Found 3 gold pieces.
You shoot an arrow.
The arrow hits the goblin but does no damage.
The goblin shouts!
You hear a shout!
You shoot an arrow. The arrow hits the goblin.
The goblin is severely wounded.
You shoot an arrow. The arrow hits the goblin.
You kill the goblin!
Sigmund the Dreaded comes into view.
He is wielding a +0 scythe.
You shoot an arrow. The arrow closely misses Sigmund.
You shoot an arrow. The arrow hits Sigmund.
Sigmund is lightly wounded.
You shoot an arrow. The arrow barely misses Sigmund.
Sigmund asks, "Do you like me?"
You shoot an arrow. The arrow barely misses Sigmund.
Sigmund mumbles some strange words.
Sigmund flickers and vanishes!
Deactivating autopickup; reactivate with Ctrl-A.
You shoot an arrow. Something hits you.
You shoot an arrow. You shoot an arrow. Something hits you!
You shoot an arrow. Something hits you.
You shoot an arrow. Something hits you.
You shoot an arrow.
You hear some strange, mumbled words.
A puff of flame appears from out of thin air!
The puff of flame hits you!
You die...

.# . ..... #.#
.#...$ #.#
.#...## #.#
..... #.# #.).#
#.# #.{.# #.#
#(..#
#.####.@.###.#
.
#............#
.
###......##....
.
#.............
.
#......###....
. #.....[# .. .
#).....# . .
#......#
#......#


There were no monsters in sight!

Vanquished Creatures
  2 adders
  A dart slug (D:2)
  5 ball pythons
  3 bats
  2 endoplasms
  A giant cockroach (D:1)
  5 goblins
  3 hobgoblins
  7 jackals (D:1)
  A quokka (D:2)
  4 frilled lizards
  4 kobolds
  6 rats
44 creatures vanquished.

Notes
Turn   | Place    | Note
-------+----------+-------------------------------------------
     0 | D:1      | qw the Gargoyle Hunter began the quest for the Orb.
     0 | D:1      | Reached XP level 1. HP: 12/12 MP: 1/1
     0 | D:1      | 0 ||| qw: Version: 0.3-a-83-gcd0e7d8
     0 | D:1      | 0 ||| qw: Game counter: 1676
     0 | D:1      | 0 ||| qw: Melee chars always use a shield: true
     0 | D:1      | 0 ||| qw: God list: Okawaru
     0 | D:1      | 0 ||| qw: Allow faded altars: false
     0 | D:1      | 0 ||| qw: Do Orc after clearing Dungeon:15 true
     0 | D:1      | 0 ||| qw: Do second Lair branch before Depths: true
     0 | D:1      | 0 ||| qw: Lair rune preference: random
     0 | D:1      | 0 ||| qw: Goals: Normal
     0 | D:1      | 0 ||| PLANNING D:1-11
   168 | D:1      | Reached XP level 2. HP: 8/17 MP: 2/2
   468 | D:1      | Reached XP level 3. HP: 12/21 MP: 3/3
   542 | D:1      | Reached skill level 5 in Ranged Weapons
   656 | D:1      | Found Ryratz's Magic Scroll Shoppe.
   659 | D:1      | 659 ||| BUYING scroll of identify (28 gold).
   659 | D:1      | Bought a scroll of identify for 28 gold pieces
   659 | D:1      | 659 ||| SHOPLISTING scroll of identify (28 gold, have 15).
   659 | D:1      | 659 ||| SHOPLISTING scroll of teleportation (42 gold, have
                  | 15).
   780 | D:1      | 780 ||| DROPPING ring of flight.
   781 | D:1      | 781 ||| READING 4 scrolls of identify.
   781 | D:1      | 781 ||| IDENTIFYING glowing red potion
   782 | D:1      | 782 ||| DROPPING scroll of butterflies.
   783 | D:1      | 783 ||| DROPPING potion of attraction.
   818 | D:2      | 818 ||| STAIRDANCE
  1055 | D:2      | Reached skill level 3 in Fighting
  1055 | D:2      | Reached XP level 4. HP: 27/28 MP: 4/4
  1381 | D:2      | Noticed Sigmund
  1391 | D:2      | Killed from afar by Sigmund

Levels and vault maps discovered:
D:1:      minmay_arrival_checkered_box, layout_loops_ring, serial_shops,
          nicolae_shop_rolled_up
D:2:      layout_basic, minmay_quadrilaterals, uniq_sigmund

Skill      XL: |  1  2  3 |
---------------+----------+-----
Ranged Weapons | 5 |  5.1
Fighting       | 3 |  3.2
Dodging        | |  1.5
Stealth        | |  1.1

Action                     |  1- 3 |  4- 6 || total
---------------------------+-------+-------++-------
   Fire: Shortbow          |   131 |    24 ||   155
    Use: Scroll            |     1 |       ||     1
 Armour: Leather armour    |    75 |     7 ||    82
  Dodge: Dodged            |    67 |       ||    67

Table legend:
 A = Non-vault XP
 B = Vault XP
 C = Vault XP percentage of total XP
 D = Non-vault monster count
 E = Vault monster count
 F = Vault count percentage of total count
                 A         B        C        D         E       F
            +---------+---------+-------+---------+---------+-------
      Total |      90 |       4 |   4.3 |      40 |       4 |   9.1
            +---------+---------+-------+---------+---------+-------
        D:1 |      52 |       0 |   0.0 |      24 |       0 |   0.0
        D:2 |      38 |       4 |   9.5 |      16 |       4 |  20.0
            +---------+---------+-------+---------+---------+-------
